 Dungeon Crawl Stone Soup version 0.29-a0-393-g47a863cc1b (webtiles) character file.

Game seed: 16644428848548029863

1912 ders the Ducker (level 9, -8/55 HPs)
             Began as a Djinni Conjurer on May 9, 2022.
             Was an Initiate of Ashenzari.
             Killed from afar by a gargoyle (16 damage)
             ... with a stone arrow
             ... on level 6 of the Dungeon.
             The game lasted 00:08:41 (8099 turns).

ders the Ducker (Djinni Conjurer)                   Turns: 8099, Time: 00:08:42

Health: -8/55      AC:  5    Str: 12    XL:     9   Next: 39%
Gold:   107        EV: 15    Int: 23    God:    Ashenzari [......] SH:  0 Dex: 13

rFire   + + +      SeeInvis .   (no weapon)
rCold   x . .      Faith    .   (no shield)
rNeg    . . .      Spirit   .   v - +0 steam dragon scales
rPois   ∞          Reflect  .   (no helmet)
rElec   .          Harm     .   (no cloak)
rCorr   .          Rampage  .   (no gloves)
Will    .....                   (boots unavailable)
Stlth   +++.......              (no amulet)
HPRegen 0.18/turn               k - ring of protection from fire
MPRegen 0.00/turn               m - +6 ring of strength

@: flying, very slightly contaminated
A: sickness immunity, fire resistance 2, cold vulnerability 1, float, innate
caster, HP casting, extra vitality 1
a: Renounce Religion, Curse Item


You were on level 6 of the Dungeon.
You worshipped Ashenzari.
Ashenzari was noncommittal.
You visited 2 branches of the dungeon, and saw 7 of its levels.

You collected 277 gold pieces.
You spent 170 gold pieces at shops.

Inventory:

Armour
 a - a +0 robe
 v - +0 steam dragon scales (worn)
Jewellery
 k - a ring of protection from fire (left hand)
 m - a +6 ring of strength (right hand)
Wands
 r - a wand of digging (3)
Scrolls
 e - 2 scrolls of magic mapping
 g - 2 scrolls of enchant armour
 j - a scroll of fear {unknown}
 l - 3 scrolls of blinking
 n - a scroll of brand weapon {unknown}
 s - a scroll of poison {unknown}
 w - a scroll of enchant weapon {unknown}
Potions
 b - a potion of heal wounds
 c - 5 potions of curing
 d - 4 potions of lignification
 f - a potion of attraction {unknown}
 h - a potion of might {unknown}
 i - a potion of brilliance {unknown}
 o - a potion of mutation {unknown}
 p - a potion of cancellation {unknown}
 t - a potion of resistance {unknown}
 u - a potion of flight {unknown}


   Skills:
 + Level 7.6 Dodging
 + Level 6.3 Stealth
 + Level 6.1 Spellcasting


You couldn't memorise any spells.
You knew the following spells:

 Your Spells              Type           Power      Damage    Failure   Level
a - Magic Dart            Conj           100%       1d8       1%          1
b - Searing Ray           Conj           70%        2d7       1%          2
c - Dazzling Flash        Conj/Hex       70%        N/A       1%          3
d - Fulminant Prism       Conj/Hex       17%        3d11      7%          4
e - Iskenderun's Mystic   Conj/Tloc      35%        2d8       7%          4
f - Pain                  Necr           100%       1d9       1%          1
g - Wereblood             Tmut           35%        N/A       1%          2
h - Scorch                Fire           70%        2d9       1%          2
i - Animate Dead          Necr           17%        N/A       7%          4
Your spell library was empty.

Dungeon Overview and Level Annotations

Branches:
Dungeon (6/15)             Temple (1/1) D:4

Altars:
Ashenzari
Dithmenos
Hepliaklqana
Kikubaaqudgha
Makhleb
Nemelex Xobeh
Okawaru
Qazlal
Ru
Sif Muna
Trog
Uskayaw
Vehumet
Wu Jian
Xom
Zin
Lugonu

Shops:
D:4 ?


Innate Abilities, Weirdness & Mutations

You are immune to sickness and miasma.
You are immune to poison.
Your flesh is very heat resistant. (rF++)
You are vulnerable to cold. (rC-)
You float through the air rather than walking.
You learn spells naturally, not from books.
Your magical power is your life essence.
You have superior vitality. (+4 MHP)


Message History

The gargoyle hurls a stone arrow at you.
The stone arrow hits your fulminant prism!!
Your fulminant prism detonates feebly.
Casting: Fulminant Prism (dangerous; 7% risk of failure)
Confirm with . or Enter, or press ? or * to list all spells.
Aiming: Fulminant Prism (dangerous; 7% risk of failure)
Press: ? - help, Dir - move target You miscast Fulminant Prism.
You are very lightly contaminated with residual magic.
Multicoloured lights dance before your eyes.
You feel yourself slow down.
Casting: Fulminant Prism (dangerous; 7% risk of failure)
Confirm with . or Enter, or press ? or * to list all spells.
Aiming: Fulminant Prism (dangerous; 7% risk of failure)
Press: ? - help, Dir - move target You conjure a prism of explosive energy!
A fulminant prism comes into view.
Your fulminant prism crackles loudly.
The gargoyle hits you with a +0 flail!
Your fulminant prism explodes!
The blast of energy engulfs the gargoyle!
The gargoyle is heavily damaged.
Casting: Fulminant Prism (dangerous; 7% risk of failure)
Confirm with . or Enter, or press ? or * to list all spells.
You erupt in a blast of force!
The mystic blast hits the gargoyle but does no damage.
The gargoyle is heavily damaged.
The gargoyle hits you with a +0 flail!
* * * LOW HITPOINT WARNING * * *
The gargoyle closely misses you.
Casting: Iskenderun's Mystic Blast (dangerous; 7% risk of failure)
Confirm with . or Enter, or press ? or * to list all spells.
You erupt in a blast of force!
The mystic blast hits the gargoyle but does no damage.
The gargoyle is heavily damaged.
* * * LOW HITPOINT WARNING * * *
You feel yourself speed up.
The gargoyle hurls a stone arrow at you.
The stone arrow hits you!
You die...

#9#.#.## #.#....###
.........####
$.#####.....###########
### ..#####...........#
_.....'...........#
..#####...........#
#...............#
....####...9@.....#
..................#
#######..........#
#..........#
#..........#
#..........#
############


You could see a gargoyle.

Vanquished Creatures
  Maggie (D:6)
  Eustachio (D:4)
  Menkaure (D:6)
  2 water moccasins
  A sky beast (D:6)
  An ice beast (D:6)
  2 ogres
  2 phantoms (D:4)
  A necrophage (D:6)
  A scorpion (D:3)
  2 hounds
  2 jellies
  2 orc priests
  Jessica (D:3)
  2 iguanas
  2 orc wizards
  7 gnolls (D:4)
  8 adders
  2 dart slugs (D:1)
  13 orcs
  10 ball pythons
  6 bats
  9 endoplasms
  3 giant cockroaches
  4 goblins (D:1)
  6 hobgoblins
  8 kobolds
  4 quokkas
  A frilled lizard (D:1)
  2 rats (D:2)
107 creatures vanquished.

Vanquished Creatures (others)
  21 fulminant prisms
21 creatures vanquished.

Grand Total: 128 creatures vanquished

Notes
Turn   | Place    | Note
-------+----------+-------------------------------------------
     0 | D:1      | ders the Djinni Conjurer began the quest for the Orb.
     0 | D:1      | Reached XP level 1. HP: 15/15 MP: 0/0
   100 | D:1      | Reached XP level 2. HP: 14/21 MP: 0/0
   376 | D:1      | Found a faded altar of an unknown god.
   490 | D:1      | Reached XP level 3. HP: 14/25 MP: 0/0
   490 | D:1      | Learned a level 1 spell: Pain
  1451 | D:1      | Reached skill level 3 in Dodging
  1689 | D:2      | Reached XP level 4. HP: 25/31 MP: 0/0
  2489 | D:3      | Noticed a scorpion
  2713 | D:3      | Killed a scorpion
  2714 | D:3      | Reached XP level 5. HP: 24/35 MP: 0/0
  2714 | D:3      | Learned a level 2 spell: Wereblood
  3016 | D:3      | Found a bloodstained altar of Trog.
  3109 | D:3      | Found a shimmering altar of Xom.
  3159 | D:3      | Noticed Jessica
  3163 | D:3      | Killed Jessica
  3164 | D:3      | Reached skill level 4 in Dodging
  3164 | D:3      | Reached XP level 6. HP: 36/40 MP: 0/0
  3869 | D:4      | Noticed an ogre
  4196 | D:4      | Killed an ogre
  4411 | D:4      | Reached XP level 7. HP: 33/45 MP: 0/0
  4411 | D:4      | Learned a level 2 spell: Scorch
  4557 | D:4      | Noticed Eustachio
  4563 | D:4      | Killed Eustachio
  4564 | D:4      | Reached skill level 5 in Dodging
  5457 | D:4      | Found a staircase to the Ecumenical Temple.
  5477 | D:4      | Reached XP level 8. HP: 36/50 MP: 0/0
  5484 | Temple   | Entered the Ecumenical Temple
  5583 | Temple   | Became a worshipper of Ashenzari the Shackled
  5742 | D:4      | Found Jaihotun's Magic Scroll Emporium.
  5750 | D:4      | Bought a scroll of blinking for 75 gold pieces
  5750 | D:4      | Bought a scroll of blinking for 75 gold pieces
  5750 | D:4      | Bought a scroll of identify for 20 gold pieces
  5766 | D:5      | Entered Level 5 of the Dungeon
  5774 | D:5      | Reached skill level 5 in Spellcasting
  5917 | D:5      | Found a sacrificial altar of Ru.
  5917 | D:5      | Found a burning altar of Makhleb.
  6109 | D:5      | Found a sparkling altar of Nemelex Xobeh.
  6132 | D:5      | Reached skill level 6 in Dodging
  6132 | D:5      | Reached skill level 5 in Stealth
  6792 | D:5      | Found a hazy altar of Hepliaklqana.
  7381 | D:6      | Noticed Maggie
  7385 | D:6      | Reached XP level 9. HP: 36/55 MP: 0/0
  7385 | D:6      | Learned a level 4 spell: Animate Dead
  7389 | D:6      | Reached skill level 7 in Dodging
  7398 | D:6      | Killed Maggie
  7622 | D:6      | Noticed Menkaure
  7628 | D:6      | Killed Menkaure
  7828 | D:6      | Noticed a gargoyle
  8082 | D:6      | Found a shadowy altar of Dithmenos.
  8099 | D:6      | Killed from afar by a gargoyle

Illustrated notes

Levels and vault maps discovered:
D:1:      dpeg_arrival_renting, layout_basic, hellmonk_ecumenical_altar_zigzags,
          patterned_corridor
D:2:      layout_loops_ring, hangedman_decor_clover_reticule
D:3:      layout_basic, mainiacjoe_overflow_tiny_flanked, lemuel_tele_altar,
          uniq_jessica
D:4:      layout_loops_ring, minmay_temple_entry_proselytizer, serial_shops,
          nicolae_shop_crystal, uniq_eustachio
D:5:      layout_basic, nemelex_xobeh_ov_fountains_minmay,
          nzn_hepliaklqana_mist_gate,
          chequers_temple_overflow_statue_of_worship, nicolae_vehumet_radiance
D:6:      layout_rooms, mainiacjoe_overflow_surrounded_room, uniq_menkaure,
          uniq_maggie
Temple:   corrupted_temple

Skill      XL: |  1  2  3  4  5  6  7  8  9 |
---------------+----------------------------+-----
Stealth        | 2 3 4 5 6 |  6.3
Dodging        | 3 4 5 6 7 |  7.6
Spellcasting   | 4 5 6 |  6.1

Action                   |  1- 3 |  4- 6 |  7- 9 || total
-------------------------+-------+-------+-------++-------
 Cast: Magic Dart        |    75 |    77 |    62 ||   214
       Searing Ray       |       |    12 |       ||    12
       Iskenderun's Myst |       |     5 |    36 ||    41
       Fulminant Prism   |       |     5 |    16 ||    21
       Animate Dead      |       |       |     1 ||     1
  Use: Scroll            |       |       |     8 ||     8
       Potion            |       |       |     1 ||     1
Armor: Robe              |     4 |     1 |       ||     5
Dodge: Dodged            |     7 |     9 |    10 ||    26

Table legend: (Time is in decaauts)
 A = Elapsed time spent in this place.
 B = Non-inter-level travel time spent in this place.
 C = Inter-level travel time spent in this place.
 D = Time resting spent in this place.
 E = Time spent auto-exploring this place.
 F = Levels seen in this place.
 G = Mean time per level.
                   A        B        C        D        E       F      G
               +--------+--------+--------+--------+--------+-----+--------+
         Total |   8104 |   7959 |    145 |   1336 |   5948 |   7 | 1157.7 |
       Dungeon |   7991 |   7858 |    133 |   1336 |   5859 |   6 | 1331.8 |
        Temple |    112 |    100 |     12 |      0 |     89 |   1 |  112.0 |
               +--------+--------+--------+--------+--------+-----+--------+

Top non-repeatable levels by time:
     D:4: 2081 daAuts
     D:1: 1501 daAuts
     D:3: 1265 daAuts
     D:6: 1111 daAuts
     D:5: 1064 daAuts
     D:2: 967 daAuts
  Temple: 112 daAuts
